 Dungeon Crawl Stone Soup version 0.24-a0-278-gefa1973 (webtiles) character file.

Game seed: 2715278654480314988

45 mhoghedin the Firebug (level 3, 0/19 HPs)
             Began as a Tengu Fire Elementalist on Apr 30, 2019.
             Succumbed to an adder's poison
             ... on level 1 of the Dungeon.
             The game lasted 00:05:20 (1931 turns).

mhoghedin the Firebug (Tengu Fire Elementalist)     Turns: 1931, Time: 00:05:21

Health: 0/19       AC:  2    Str:  8    XL:     3   Next: 64%
Magic:  2/7        EV: 18    Int: 16    God:
Gold:   91         SH:  0    Dex: 19    Spells: 0/6 levels left

rFire    + . .     SeeInvis .   d - +0 short sword
rCold    + . .     Gourm    .   (no shield)
rNeg     . . .     Faith    .   a - +0 robe
rPois    +         Spirit   .   (helmet restricted)
rElec    +         Reflect  .   (no cloak)
rCorr    +         Harm     .   (no gloves)
MR       .....                  (boots unavailable)
Stlth    +++.......             (no amulet)
HPRegen  0.06/turn              (no ring)
MPRegen  0.10/turn              (no ring)

@: agile, lethally poisoned (0 -> -7), resistant, very slightly contaminated
A: beak, talons 3
a: no special abilities


You were on level 1 of the Dungeon.
You were hungry.

You visited 1 branch of the dungeon, and saw 2 of its levels.

You collected 91 gold pieces.

Inventory:

Hand Weapons
 d - a +0 short sword (weapon)
   (You took it off a kobold on level 1 of the Dungeon)
Armour
 a - a +0 robe (worn)
 m - a cursed +0 pair of gloves
   (You found it on level 2 of the Dungeon)
Jewellery
 e - a cursed ring of teleportation {unknown}
   (You found it on level 1 of the Dungeon)
 f - an uncursed amulet of the acrobat {unknown}
   (You found it on level 1 of the Dungeon)
 g - a cursed ring of attention {unknown}
   (You found it on level 1 of the Dungeon)
Scrolls
 h - a scroll of teleportation {unknown}
 i - a scroll of enchant armour {unknown}
 j - 3 scrolls of identify {unknown}
Potions
 b - a potion of agility
 l - a potion of ambrosia {unknown}
 n - a potion of flight {unknown}
Comestibles
 c - 6 rations


   Skills:
 - Level 2.1 Dodging
 - Level 2.0 Stealth
 - Level 2.0 Spellcasting
 + Level 3.3 Conjurations
 + Level 4.2 Fire Magic


You couldn't memorise any spells.
You knew the following spells:

 Your Spells              Type           Power        Failure   Level  Hunger
a - Flame Tongue          Conj/Fire      ##...        4%          1    #......
c - Conjure Flame         Conj/Fire      ##......     13%         3    ###....
x - Throw Flame           Conj/Fire      ##....       7%          2    ###....

Your spell library contained the following spells:

 Spells                   Type           Power        Failure   Level  Hunger
 Inner Flame              Hex/Fire       #.......     26%         3    ###....
 Sticky Flame             Conj/Fire      ##......     41%         4    #####..
 Fireball                 Conj/Fire      ##........   77%         5    ######.


Dungeon Overview and Level Annotations

Branches:
Dungeon (2/15)

Altars:


Innate Abilities, Weirdness & Mutations

You have a beak for a mouth.
You have claws for feet.


Message History

You are feeling hungry.
The giant cockroach bites you but does no damage.
You now have 6/7 mp.
Aim: a giant cockroach (clinging)
The flame tongue hits the giant cockroach.
You kill the giant cockroach!
You now have 5/7 mp.
Okay, then.
Unknown command.
Unknown command.
Unknown command.
Unknown command.
What are your orders? t - Shout!
Orders for allies: a - Attack new target. r - Retreat! s - Stop attacking. g - Guard the area. f - Follow me.
Anything else - Cancel.
You shout for attention!
You hear a shout! x2
A gnoll comes into view. It is wielding a +0 spear.
The adder misses you.
Aim: an adder The flame tongue hits the adder.
The adder barely misses you. The adder closely misses you.
You now have 5/7 mp.
You see here a robe.
Aim: an adder (lightly wounded)
The flame tongue hits the adder but does no damage.
The adder closely misses you. The adder bites you.
You take 5 damage, and have 14/19 hp.
MASSIVE DAMAGE!!
You now have 4/7 mp.
Aim: an adder (lightly wounded)
You miscast Flame Tongue.
You are very lightly contaminated with residual magic.
Nothing appears to happen.
The adder barely misses you.
You now have 3/7 mp.
Aim: an adder (lightly wounded)
You miscast Flame Tongue.
You smell smoke.
The adder bites you but does no damage.
You now have 2/7 mp.
Aim: an adder (lightly wounded)
The flame tongue misses the adder.
The adder barely misses you. The adder bites you.
You take 3 damage, and have 11/19 hp.
There is a stone staircase leading down here.
The adder bites you.
You take 2 damage, and have 9/19 hp.
The adder bites you.
You take 2 damage, and have 8/19 hp.
The adder barely misses you.
Really walk into that dispersal trap?
You enter a dispersal trap!
The adder blinks! x2; The gnoll blinks!
The adder blinks!
The gnoll blinks! x2
You blink.
The adder bites you. The adder closely misses you.
You take 2 damage, and have 6/19 hp.
Really walk into that dispersal trap?
You enter a dispersal trap!
The adder blinks! x2; The gnoll blinks!
You blink.
Okay, then.
Unknown command.
You miscast Conjure Flame.
You smell smoke.
The adder misses you.
You now have 1/7 mp.
The adder bites you but does no damage. The adder closely misses you.
The adder closely misses you. The adder bites you.
The adder bites you but does no damage. The adder misses you.
There is a stone staircase leading up here.
The adder completely misses you.
You climb upwards.
There is a stone staircase leading down here.
The adder closely misses you.
Okay, then.
Unknown command.
Unknown command.
Aim: an adder The flame tongue misses the adder.
The adder misses you.
You now have 2/7 mp.
Aim: an adder The flame tongue hits the adder!
The adder bites you.
* * * LOW HITPOINT WARNING * * *
You are lethally poisoned!
The adder poisons you! The adder bites you.
* * * LOW HITPOINT WARNING * * *
You take 5 damage, and have 2/19 hp.
MASSIVE DAMAGE!!
You now have 2/7 mp.
It was a potion of agility.
You feel agile all of a sudden.
* * * LOW HITPOINT WARNING * * *
You feel sick. The adder misses you.
You take 1 damage, and have 1/19 hp.
Unknown command.
It was a potion of resistance.
You feel protected.
You die...

### #.###### #.S@...#
##############>####.#
...............#....#
.###############.#####
...#.................#
.#.#.###########.###.#
.#.#.##..............#
.#.#.##.########.##..#
.#.#.#............#..#


You could see an adder.

Vanquished Creatures
  An adder (D:2)
  A dart slug (D:2)
  4 giant cockroaches
  5 goblins (D:1)
  4 hobgoblins
  4 jackals (D:1)
  2 kobolds (D:1)
  3 bats (D:1)
  A frilled lizard (D:1)
  5 rats
30 creatures vanquished.

Notes
Turn   | Place    | Note
-------+----------+-------------------------------------------
     0 | D:1      | mhoghedin the Tengu Fire Elementalist began the quest for
                  | the Orb.
     0 | D:1      | Reached XP level 1. HP: 10/10 MP: 4/4
    19 | D:1      | HP: 2/10 [hobgoblin (1)]
   459 | D:1      | Reached skill level 2 in Conjurations
   469 | D:1      | Reached XP level 2. HP: 15/15 MP: 1/6
   767 | D:1      | Learned a level 2 spell: Throw Flame
  1401 | D:1      | Reached XP level 3. HP: 16/19 MP: 1/7
  1407 | D:1      | Reached skill level 4 in Fire Magic
  1441 | D:1      | Reached skill level 3 in Conjurations
  1733 | D:2      | Learned a level 3 spell: Conjure Flame
  1929 | D:1      | HP: 4/19 [adder (3)]
  1930 | D:1      | HP: 1/19 [poisoned by an adder]
  1931 | D:1      | Succumbed to an adder's poison

Levels and vault maps discovered:
D:1:      sevenhm_arrival_forest_fort_small_6, layout_basic, minmay_tromino_v4_b
D:2:      layout_rooms, good_gods_temple_1

Skill      XL: |  1  2  3 |
---------------+----------+-----
Conjurations   | 2 3 |  3.3
Fire Magic     | 4 |  4.2
Dodging        | |  2.1
Stealth        | |  2.0
Spellcasting   | |  2.0

Action                   || total
-------------------------++-------
Melee: Short sword       ||     5
       Kick              ||     2
 Cast: Flame Tongue      ||    54
       Throw Flame       ||     2
  Use: Potion            ||     2
  Eat: Ration            ||     1
Armor: Robe              ||     8
Dodge: Dodged            ||    26

Table legend:
 A = Non-vault XP
 B = Vault XP
 C = Vault XP percentage of total XP
 D = Non-vault monster count
 E = Vault monster count
 F = Vault count percentage of total count
                 A         B        C        D         E       F
            +---------+---------+-------+---------+---------+-------
      Total |      65 |       0 |   0.0 |      30 |       0 |   0.0
            +---------+---------+-------+---------+---------+-------
        D:1 |      41 |       0 |   0.0 |      24 |       0 |   0.0
        D:2 |      24 |       0 |   0.0 |       6 |       0 |   0.0
            +---------+---------+-------+---------+---------+-------

Levels and vault maps discovered:
D:1:      sevenhm_arrival_forest_fort_small_6, layout_basic, minmay_tromino_v4_b
D:2:      layout_rooms, good_gods_temple_1

Table legend:
 A = Turns spent in this place as a percentage of turns spent in the entire game.
 B = Non-inter-level travel turns spent in this place as a percentage of non-inter-level travel turns spent in the entire game.
 C = Inter-level travel turns spent in this place as a percentage of turns spent in this place.
 D = Turns resting spent in this place as a percentage of non-inter-level travel turns spent in this place.
 E = Turns spent auto-exploring this place as a percentage of non-inter-level travel turns spent in this place.
 F = Non-inter-level travel turns spent in this place divided by the number of levels of this place that you've seen.
                   A       B       C       D       E      F
               +-------+-------+-------+-------+-------+----------------------
         Total | 100.0 | 100.0 |   0.7 |  29.7 |  55.5 | 958.5
       Dungeon | 100.0 | 100.0 |   0.7 |  29.7 |  55.5 | 958.5
               +-------+-------+-------+-------+-------+----------------------

Table legend:
 A = Kills in this place as a percentage of kills in entire the game.
 B = Kills by you in this place as a percentage of kills by you in the entire game.
 C = Kills by friends in this place as a percentage of kills by friends in the entire game.
 D = Other kills in this place as a percentage of other kills in the entire game.
 E = Experience gained in this place as a percentage of experience gained in the entire game.
 F = Experience gained in this place divided by the number of levels of this place that you have seen.
                   A       B       C       D       E      F
               +-------+-------+-------+-------+-------+----------------------
         Total | 100.0 | 100.0 |   N/A |   N/A | 100.0 |  32.5
       Dungeon | 100.0 | 100.0 |   N/A |   N/A | 100.0 |  32.5
               +-------+-------+-------+-------+-------+----------------------
